 Dungeon Crawl Stone Soup version 0.31-a0-102-g33a4ccc0cb (webtiles) character file.

Game seed: 11733162860497775951

739 Jackthecabe the Cleaver (level 7, 0/61 HPs)
             Began as a Hill Orc Reaver on May 26, 2023.
             Slain by a gnoll
             ... wielding a +0 flail
              (6 damage)
             ... on level 5 of the Dungeon.
             The game lasted 00:11:35 (5967 turns).

Jackthecabe the Cleaver (Hill Orc Reaver)           Turns: 5967, Time: 00:11:35

Health: 0/61       AC: 13    Str: 23    XL:     7   Next: 75%
Magic:  9/9        EV:  5    Int: 13    God:
Gold:   278        SH:  6    Dex:  9    Spells: 8/9 levels left

rFire   . . .        a - +0 hand axe
rCold   . . .        c - +0 kite shield
rNeg    . . .        t - +0 plate armour
rPois   .            (no helmet)
rElec   .            (no cloak)
rCorr   .            d - +1 pair of gloves
SInv    .            D - +0 pair of boots
Will    .....        f - amulet of faith {!P} Stlth
                     S - +6 ring of strength
HPRegen 0.30/turn    (no ring)
MPRegen 0.11/turn

%: faith
@: no status effects
A: no striking features
a: no special abilities


You were on level 5 of the Dungeon.
You visited 1 branch of the dungeon, and saw 5 of its levels.

You collected 278 gold pieces.


   Skills:
 - Level 5.0 Fighting
 + Level 10.5 Axes
 - Level 1.5 Dodging
 - Level 1.5 Spellcasting
 - Level 3.0 Conjurations


You had 8 spell levels left.
You knew the following spells:

 Your Spells              Type           Power      Damage    Failure   Level
X - Kiss of Death         Conj/Necr      16%        2d6       100%        1

Your spell library contained the following spells:

 Spells                   Type           Power      Damage    Failure   Level
 Blink                    Tloc           2%         N/A       100%        2
 Lesser Beckoning         Tloc           2%         N/A       100%        2
 Momentum Strike          Conj/Tloc      8%         3d8       100%        2
 Dazzling Flash           Conj/Hex       8%         N/A       100%        3
 Hailstorm                Conj/Ice       4%         3d4       100%        3
 Vhi's Electric Charge    Tloc/Air       0%         N/A       100%        3
 Volatile Blastmotes      Fire/Tloc      0%         2d10      100%        3
 Iskenderun's Mystic Bla  Conj/Tloc      4%         2d3       100%        4
 Arcjolt                  Conj/Air       2%         1d12      100%        5
 Starburst                Conj/Fire      2%         6d3       100%        6
 Maxwell's Capacitive Co  Air            0%         ∞         100%        8

Inventory:

Hand Weapons
 a - a +0 hand axe (weapon)
 o - a +0 war axe
Missiles
 k - 5 atropa-tipped darts
 m - a throwing net {=f}
 p - 5 poisoned darts
Armour
 b - a +0 leather armour
 c - a +0 kite shield (worn)
 d - a +1 pair of gloves (worn)
 i - a +0 chain mail
 t - a +0 plate armour (worn)
 D - a +0 pair of boots (worn)
Jewellery
 f - an amulet of faith (around neck) {!P}
 w - an amulet of guardian spirit
 S - a +6 ring of strength (left hand)
Wands
 x - a wand of roots (2)
Scrolls
 e - a scroll of poison {unknown}
 h - 2 scrolls of noise {unknown}
 j - a scroll of amnesia {unknown}
 l - 5 scrolls of identify {unknown}
 n - 2 scrolls of teleportation {unknown}
 s - a scroll of enchant armour {unknown}
 u - a scroll of fog {unknown}
 y - a scroll of fear {unknown}
 B - a scroll of immolation {unknown}
 E - 2 scrolls of enchant weapon {unknown}
Potions
 g - 5 potions of degeneration {unknown}
 q - 2 potions of heal wounds {unknown}
 r - a potion of ambrosia {unknown}
 v - a potion of lignification {unknown}
 z - a potion of might
 A - 2 potions of curing {@q1}
 C - a potion of enlightenment {unknown}

Dungeon Overview and Level Annotations

Branches:
Dungeon (5/15)
 Temple: D:4-7

Altars:
Makhleb
Qazlal

Annotations:
D:2 1 runed translucent door, Crazy Yiuf
D:4 Menkaure

....## ###....#..#
#..........$..
..######........#
#......g...... #.#
....Y.).....#
#............. #.# #..#..#
#......g...... #.# #.....#
#.....g....... #.#
###..#..# ##............
#.#### ##....##.#
##........... .....#
#..##.##.######.#####.#...
####.###..##....@gg†)..#
.....
#......##..#.########
..... #..)<......#.# ...
#>.....###.#.#####
#.>....# #.#.....#
#......# #.##....#
#......# #.......#
#......# ####....#
#......# ######


You could see 2 gnolls.


Message History

The gnoll is heavily wounded.
The gnoll hits you but does no damage. The gnoll hits you with a +0 flail!
* * * LOW HITPOINT WARNING * * *
You hit the gnoll.
The gnoll is severely wounded.
The gnoll hits you from afar with a +0 spear.
* * * LOW HITPOINT WARNING * * *
The gnoll barely misses you.
Press: ? - help, v - describe, . - travel
Here: a gnoll, wielding a +0 spear The floor.
Unknown command.
Casting: Kiss of Death (safe; 100% risk of failure)
Confirm with . or Enter, or press ? or * to list all spells.
Okay, then.
Unknown command.
The gnoll attacks as you move away! The gnoll hits you with a +0 flail!
* * * LOW HITPOINT WARNING * * *
You barely miss the gnoll.
The gnoll is severely wounded.
You barely miss the gnoll.
The gnoll is severely wounded.
The gnoll hits you with a +0 flail.
* * * LOW HITPOINT WARNING * * *
You hit the gnoll but do no damage.
The gnoll is severely wounded.
The gnoll hits you from afar with a +0 spear.
* * * LOW HITPOINT WARNING * * *
The gnoll hits you with a +0 flail.
You die...

Skill      XL: |  1  2  3  4  5  6  7 |
---------------+----------------------+-----
Axes           | 8 9 10 | 10.5
Fighting       | 3 5 |  5.0
Dodging        | |  1.5
Spellcasting   | |  1.5
Conjurations   | |  3.0

Action                     |  1- 3 |  4- 6 |  7- 9 || total
---------------------------+-------+-------+-------++-------
  Melee: Hand axe          |    57 |   205 |    74 ||   336
         Unarmed           |       |       |     1 ||     1
  Throw: Dart              |     1 |     5 |     1 ||     7
  Evoke: Wand              |       |     2 |     3 ||     5
    Use: Potion            |     2 |       |       ||     2
 Armour: Leather armour    |    19 |     5 |       ||    24
         Chain mail        |       |    22 |       ||    22
         Plate armour      |       |    74 |    31 ||   105
  Dodge: Dodged            |    29 |    45 |    12 ||    86
  Block: Kite shield       |    14 |    45 |    18 ||    77

Levels and vault maps discovered:
D:1:      minmay_arrival_radiant_lines, layout_loops_corners, serial_forest,
          infiniplex_forest_end_3, infiniplex_forest_clump_small,
          infiniplex_forest_lined_room_, infiniplex_forest_join,
          infiniplex_forest_end_1, infiniplex_forest_clump_tiny,
          infiniplex_forest_lined_4_way, chequers_serial_rivers_small_a
D:2:      layout_basic, eino_tiny_chamber, minmay_pentomino_pile,
          uniq_crazy_yiuf_cottage
D:3:      layout_basic, hangedman_decor_growths
D:4:      layout_layer_cave, grunt_qazlal_sundering, lightli_temple_of_fire,
          uniq_duvessa, uniq_sigmund, uniq_menkaure
D:5:      layout_rooms, general_overflow_altar, minmay_temple_entry_poolview,
          kennysheep_generic_room_2, uniq_grinder

Notes
Turn   | Place    | Note
-------+----------+-------------------------------------------
     0 | D:1      | Jackthecabe the Hill Orc Reaver began the quest for the
                  | Orb.
     0 | D:1      | Reached XP level 1. HP: 18/18 MP: 3/3
   445 | D:1      | Reached XP level 2. HP: 25/25 MP: 4/4
   828 | D:1      | Reached skill level 5 in Axes
  1402 | D:2      | You fall into a shaft and drop 2 floors!
  1419 | D:4      | Noticed Sigmund
  1452 | D:4      | Killed Sigmund
  1453 | D:4      | Reached skill level 8 in Axes
  1453 | D:4      | Reached XP level 3. HP: 6/30 MP: 5/5
  1453 | D:4      | Reached XP level 4. HP: 8/37 MP: 6/6
  1453 | D:4      | Reached XP level 5. HP: 10/44 MP: 7/7
  1885 | D:4      | Reached skill level 3 in Fighting
  1931 | D:4      | Found a burning altar of Makhleb.
  2397 | D:4      | Noticed Menkaure
  3096 | D:2      | Found a runed translucent door.
  3097 | D:2      | Noticed Crazy Yiuf
  3369 | D:2      | Reached XP level 6. HP: 52/52 MP: 8/8
  3619 | D:2      | Reached skill level 4 in Fighting
  4254 | D:4      | Reached skill level 5 in Fighting
  4325 | D:4      | Found a stormy altar of Qazlal.
  4734 | D:4      | Noticed Duvessa
  4734 | D:4      | Noticed Dowan
  5005 | D:4      | Killed Duvessa
  5006 | D:4      | Reached skill level 9 in Axes
  5006 | D:4      | Reached XP level 7. HP: 44/55 MP: 9/9
  5032 | D:4      | Killed Dowan
  5538 | D:5      | Entered Level 5 of the Dungeon
  5694 | D:5      | Reached skill level 10 in Axes
  5967 | D:5      | HP: 6/61 [gnoll/+0 spear (6)]
  5967 | D:5      | Slain by a gnoll

Vanquished Creatures
  Sigmund (D:4)
  Duvessa (D:4)
  An ice beast (D:5)
  Dowan (D:4)
  A hound (D:5)
  A jelly (D:4)
  A gnoll bouda (D:3)
  2 orc wizards
  A sleepcap (D:4)
  6 gnolls
  6 adders
  2 worms (D:2)
  6 orcs
  3 ball pythons
  4 endoplasms
  6 giant cockroaches
  5 hobgoblins
  2 kobolds
  A quokka (D:1)
  3 bats
  3 frilled lizards
  5 goblins
  5 rats
67 creatures vanquished.

Table legend: (Time is in decaauts)
 A = Elapsed time spent in this place.
 B = Non-inter-level travel time spent in this place.
 C = Inter-level travel time spent in this place.
 D = Time resting spent in this place.
 E = Time spent auto-exploring this place.
 F = Levels seen in this place.
 G = Mean time per level.
                   A        B        C        D        E       F      G
               +--------+--------+--------+--------+--------+-----+--------+
         Total |   5982 |   5713 |    269 |   1192 |   3222 |   5 | 1196.4 |
       Dungeon |   5982 |   5713 |    269 |   1192 |   3222 |   5 | 1196.4 |
               +--------+--------+--------+--------+--------+-----+--------+

Top non-repeatable levels by time:
     D:4: 2441 daAuts
     D:2: 1323 daAuts
     D:1: 1104 daAuts
     D:3: 751 daAuts
     D:5: 362 daAuts

Table legend:
 A = Non-vault XP
 B = Vault XP
 C = Vault XP percentage of total XP
 D = Non-vault monster count
 E = Vault monster count
 F = Vault count percentage of total count
                 A         B        C        D         E       F
            +---------+---------+-------+---------+---------+-------
      Total |     607 |     449 |  42.5 |      62 |       5 |   7.5
            +---------+---------+-------+---------+---------+-------
        D:1 |      18 |       0 |   0.0 |      12 |       0 |   0.0
        D:2 |      82 |       2 |   2.4 |      17 |       2 |  10.5
        D:3 |     120 |       0 |   0.0 |       8 |       0 |   0.0
        D:4 |     154 |     447 |  74.4 |      18 |       3 |  14.3
        D:5 |     233 |       0 |   0.0 |       7 |       0 |   0.0
            +---------+---------+-------+---------+---------+-------
